 Dungeon Crawl Stone Soup version 0.23-a0-404-g0063841da3 (webtiles) character file.

19 Flugkiller the Cutter (level 2, 0/24 HPs)
             Began as a Vampire Chaos Knight on Nov 5, 2018.
             Was a Plaything of Xom.
             Slain by a rat (1 damage)
             ... on level 1 of the Dungeon.
             The game lasted 00:00:34 (272 turns).

Flugkiller the Cutter (Vampire Chaos Knight)         Turns: 272, Time: 00:00:35

Health: 0/24       AC:  5    Str: 11    XL:     2   Next: 55%
Magic:  2/2        EV: 12    Int: 14    God:    Xom [...*..]
Gold:   0          SH:  0    Dex: 13    Spells: 1/1 levels left

rFire    . . .     SeeInvis +   a - +0 short sword (chaos)
rCold    . . .     Gourm    .   (no shield)
rNeg     + . .     Faith    .   b - +2 leather armour
rPois    .         Spirit   .   (no helmet)
rElec    .         Reflect  .   (no cloak)
rCorr    .         Harm     .   (no gloves)
MR       .....                  (no boots)
Stlth    +.........             (no amulet)
HPRegen  0.08/turn              (no ring)
MPRegen  0.08/turn              (no ring)

@: no status effects
A: fangs 3, see invisible, unbreathing
a: Renounce Religion


You were on level 1 of the Dungeon.
You worshipped Xom.
You were a favourite toy of Xom.
You were not thirsty.

You visited 1 branch of the dungeon, and saw 1 of its levels.

Inventory:

Hand Weapons
 a - a +0 short sword of chaos (weapon)
Armour
 b - a +2 leather armour (worn)
Scrolls
 e - a scroll of enchant weapon {unknown}
Potions
 c - 4 potions of blood
 d - 2 potions of curing {unknown}


   Skills:
 + Level 3.0 Fighting
 + Level 3.6 Short Blades
 - Level 0.7 Armour
 + Level 2.7 Dodging


You had one spell level left.
You didn't know any spells.
Your spell library was empty.

Dungeon Overview and Level Annotations

Branches:
Dungeon (1/15)

Altars:


Innate Abilities, Weirdness & Mutations

You have razor-sharp teeth.
You have supernaturally acute eyesight. (SInv)
You can survive without breathing.


Message History

The goblin hits you but does no damage. The hobgoblin barely misses you.
The rat barely misses you.
A kobold comes into view.
You closely miss the goblin.
The goblin is heavily wounded.
The goblin hits you but does no damage. The kobold barely misses you.
The hobgoblin hits you but does no damage.
The rat bites you but does no damage.
You hit the goblin but do no damage.
The goblin is heavily wounded.
The kobold closely misses you. The goblin closely misses you.
The goblin hits you but does no damage. The hobgoblin closely misses you.
The rat bites you but does no damage.
You barely miss the goblin.
The goblin is heavily wounded.
The kobold hits you but does no damage. The goblin hits you but does no damage.
The hobgoblin hits you. The rat barely misses you.
You closely miss the goblin.
The goblin is heavily wounded.
The goblin barely misses you. The kobold completely misses you.
The goblin hits you but does no damage. The hobgoblin misses you.
You closely miss the goblin. You bite the goblin.
The goblin is severely wounded.
The rat closely misses you. The kobold barely misses you.
The goblin closely misses you. The goblin hits you but does no damage.
You barely miss the goblin.
The goblin is severely wounded.
The hobgoblin closely misses you. The rat bites you but does no damage.
The kobold barely misses you. The goblin completely misses you.
You hit the goblin.
You kill the goblin!
The goblin closely misses you. The hobgoblin barely misses you.
The rat bites you but does no damage. The kobold barely misses you.
You closely miss the hobgoblin. The goblin hits you but does no damage.
The hobgoblin misses you. The rat bites you but does no damage.
The kobold barely misses you.
You barely miss the hobgoblin. The goblin misses you.
The hobgoblin barely misses you. The rat misses you.
You hit the hobgoblin.
The hobgoblin is severely wounded. "Have a taste of chaos, mortal."
The goblin's cursed -2 dagger is briefly surrounded by a scintillating aura of You are now a favourite toy of Xom.
The kobold hits you but does no damage. The goblin hits you but does no damage.
You are electrocuted!
Ouch! That really hurt!
* * * LOW HITPOINT WARNING * * *
The hobgoblin closely misses you. The rat bites you.
You die... "I guess I need a new plaything now."

#...# . #.###
##. #.# ###..
...# ## #..# .#
... ##.K###...#
#...#.grK......
#.....†@#
......g.##
......#..#
#.....#?.##
....# #...#
#+#### ###.
#.#.##.....# #
#.#..#.....#
#.##.#.....#
#.##..#+#


You could see a hobgoblin, a goblin, 2 kobolds and a rat.

Vanquished Creatures
  An adder (D:1)
  A goblin (D:1)
  A hobgoblin (D:1)
  4 jackals (D:1)
  A kobold (D:1)
  A bat (D:1)
9 creatures vanquished.

Notes
Turn   | Place    | Note
-------+----------+-------------------------------------------
     0 | D:1      | Flugkiller the Vampire Chaos Knight began the quest for the
                  | Orb.
     0 | D:1      | Reached XP level 1. HP: 17/17 MP: 1/1
    22 | D:1      | XOM: potion effect (agility)
    32 | D:1      | XOM: potion effect (haste)
    33 | D:1      | XOM: polymorph ball python -> adder
    42 | D:1      | Reached XP level 2. HP: 16/23 MP: 2/2
   272 | D:1      | XOM: chaos upgrade
   272 | D:1      | HP: 1/24 [goblin/cursed -2 dagger of chaos (20)]
   272 | D:1      | Slain by a rat

Vault maps used:
D:1:      wheals_arrival_shading, minmay_hexomino_u4

Skill      XL: |  1  2 |
---------------+-------+-----
Fighting       | 3 |  3.0
Short Blades   | |  3.6
Armour         | |  0.7
Dodging        | |  2.7

Action                   || total
-------------------------++-------
Melee: Short sword       ||    56
       Bite              ||     7
Armor: Leather armour    ||    31
Dodge: Dodged            ||    74

Table legend:
 A = Non-vault XP
 B = Vault XP
 C = Vault XP percentage of total XP
 D = Non-vault monster count
 E = Vault monster count
 F = Vault count percentage of total count
                 A         B        C        D         E       F
            +---------+---------+-------+---------+---------+-------
      Total |      26 |       2 |   7.1 |       8 |       1 |  11.1
            +---------+---------+-------+---------+---------+-------
        D:1 |      26 |       2 |   7.1 |       8 |       1 |  11.1
            +---------+---------+-------+---------+---------+-------
